 Dungeon Crawl Stone Soup version 0.20.0-15-g7f486f2 (webtiles) character file.

492 JarielCorvus the Thaumaturge (level 6, -3/32 HPs)
             Began as a Deep Elf Wizard on June 27, 2017.
             Slain by a hobgoblin (5 damage)
             ... on level 4 of the Dungeon.
             The game lasted 00:12:43 (2915 turns).

JarielCorvus the Thaumaturge (Deep Elf Wizard)      Turns: 2915, Time: 00:12:44

Health: -3/32      AC:  2    Str:  4    XL:     6   Next: 91%
Magic:  28/28      EV: 13    Int: 25    God:
Gold:   137        SH:  0    Dex: 13    Spells: 11/22 levels left

rFire    . . .     SeeInvis .   o - +2 mace (venom)
rCold    . . .     Gourm    .   (no shield)
rNeg     . . .     Faith    .   a - +0 robe
rPois    .         Spirit   .   b - +0 hat
rElec    .         Reflect  .   (no cloak)
rCorr    .         Harm     .   (no gloves)
MR       .....                  (no boots)
Stlth    ++........             (no amulet)
Regen    0.1/turn               j - ring of magical power
MPRegen  0.3/turn               (no ring)

@: no status effects
A: no striking features
a: no special abilities


You were on level 4 of the Dungeon.
You were very hungry.

You visited 1 branch of the dungeon, and saw 4 of its levels.

You collected 137 gold pieces.

Inventory:

Hand Weapons
 o - a +2 mace of venom (weapon)
 t - a +4 quarterstaff of chaos
Armour
 a - a +0 robe (worn)
 b - a +0 hat (worn)
 u - a +0 cloak
Jewellery
 j - a ring of magical power (left hand)
 m - a cursed amulet of faith
 q - an uncursed ring of flight {unknown}
 A - an uncursed ring of positive energy {unknown}
Scrolls
 h - 3 scrolls of magic mapping {unknown}
 l - 2 scrolls of amnesia
 x - a scroll of identify
 y - a scroll of recharging
 B - a scroll of enchant armour {unknown}
Potions
 e - a potion of curing
 g - 2 potions of haste
 i - a potion of degeneration {unknown}
 k - a potion of heal wounds {unknown}
 p - a potion of mutation {unknown}
 s - a potion of ambrosia {unknown}
 v - a potion of cancellation {unknown}
 w - a potion of lignification {unknown}
 z - a potion of flight {unknown}
Books
 c - a book of Minor Magic

   Spells                             Type                      Level
   a - Magic Dart                     Conjuration                  1
   b - Blink                          Translocation                2
   c - Call Imp                       Summoning                    2
   d - Slow                           Hexes                        2
   e - Conjure Flame                  Conjuration/Fire             3
   f - Mephitic Cloud                 Conjuration/Poison/Air       3
Comestibles
 d - 3 bread rations
 f - 5 fruits
 n - 2 meat rations
 r - a royal jelly


   Skills:
 - Level 2.4 Dodging
 - Level 2.4 Stealth
 * Level 8.7 Spellcasting
 + Level 5.0 Conjurations
 - Level 1.1 Summonings
 - Level 1.1 Translocations


You had 11 spell levels left.
You knew the following spells:

 Your Spells              Type           Power        Failure   Level  Hunger
a - Magic Dart            Conj           ####         1%          1    None
b - Blink                 Tloc           N/A          5%          2    None
c - Call Imp              Summ           ###.....     5%          2    None
d - Conjure Flame         Conj/Fire      ###.....     6%          3    None
e - Mephitic Cloud        Conj/Pois/Air  ###.....     9%          3    None


Dungeon Overview and Level Annotations

Branches:
Dungeon (4/15)             Temple (0/1) D:4

Altars:
Xom
Zin


Message History

The hobgoblin barely misses you. The goblin barely misses you.
The goblin hits you with a club.
You closely miss the goblin.
You are feeling very hungry.
The goblin hits you with a dagger. The hobgoblin hits you.
The goblin closely misses you. The goblin barely misses you.
The hobgoblin closely misses you. The goblin hits you with a club.
The goblin hits you with a dagger.
* * * LOW HITPOINT WARNING * * *
The hobgoblin hits you.
* * * LOW HITPOINT WARNING * * *
You hit the goblin.
You kill the goblin!
The goblin misses you. The hobgoblin barely misses you.
The goblin hits you with a club.
* * * LOW HITPOINT WARNING * * *
The goblin hits you with a dagger.
* * * LOW HITPOINT WARNING * * *
The hobgoblin hits you.
You die...

##...#.................
##...##.................
#...##..................
#<..#..###.............#
##...#.##.##.........#.##
#......#...#...........##
#....####g####......#.##.
##...##.#gg.#$##...##..#..
#....'..)@gg'$$#..###.#...
##....##.#gg.#$##.###..#...
#......####'####..###.#....
##.#......#...#...###.##....
#..#....#.##.##.#####.#.....
##.##...##..###..# #.##.....
##..###(####.....##
##.##..... #...# ### #######
##.####.### ##..## #..# ###


You could see 4 hobgoblins and 3 goblins.

Vanquished Creatures
  An ogre (D:4)
  A scorpion (D:4)
  3 hounds (D:4)
  Crazy Yiuf (D:3)
  Jessica (D:3)
  Terence (D:2)
  2 iguanas
  2 worker ants (D:4)
  4 adders
  A worm (D:3)
  5 leopard geckos
  An orc (D:3)
  3 giant cockroaches (D:1)
  10 goblins
  2 hobgoblins
  3 jackals (D:2)
  3 kobolds
  8 bats
  2 frilled lizards (D:3)
  2 rats (D:1)
56 creatures vanquished.

Notes
Turn   | Place    | Note
-------+----------+-------------------------------------------
     0 | D:1      | JarielCorvus the Deep Elf Wizard began the quest for the Orb.
     0 | D:1      | Reached XP level 1. HP: 10/10 MP: 7/7
   192 | D:1      | Reached XP level 2. HP: 15/15 MP: 2/9
   548 | D:2      | Noticed an angel
   549 | D:2      | Found a glowing silver altar of Zin.
   549 | D:2      | Found a shimmering altar of Xom.
   583 | D:2      | Reached skill level 5 in Spellcasting
   583 | D:2      | Reached XP level 3. HP: 18/19 MP: 3/11
   934 | D:2      | Learned a level 2 spell: Blink
   937 | D:2      | Learned a level 2 spell: Call Imp
   941 | D:2      | Learned a level 3 spell: Conjure Flame
   945 | D:2      | Learned a level 3 spell: Mephitic Cloud
   992 | D:2      | Noticed Terence
  1121 | D:2      | Killed Terence
  1495 | D:3      | Reached XP level 4. HP: 24/24 MP: 13/13
  1589 | D:3      | Noticed Jessica
  1595 | D:3      | Killed Jessica
  1595 | D:3      | Reached skill level 6 in Spellcasting
  1766 | D:3      | Found a runed door.
  1942 | D:3      | Noticed Crazy Yiuf
  1956 | D:3      | Killed Crazy Yiuf
  1956 | D:3      | Reached XP level 5. HP: 26/28 MP: 7/16
  2064 | D:4      | Found a staircase to the Ecumenical Temple.
  2168 | D:4      | Reached skill level 7 in Spellcasting
  2225 | D:4      | Reached XP level 6. HP: 12/32 MP: 12/18
  2433 | D:4      | Reached skill level 8 in Spellcasting
  2908 | D:4      | Reached skill level 5 in Conjurations
  2915 | D:4      | Slain by a hobgoblin

Skill      XL: |  1  2  3  4  5  6 |
---------------+-------------------+-----
Conjurations   | 2 3 4 5 |  5.0
Spellcasting   | 5 6 7 8 |  8.7
Dodging        | |  2.4
Stealth        | |  2.4
Summonings     | |  1.1
Translocations | |  1.1

Action                   |  1- 3 |  4- 6 || total
-------------------------+-------+-------++-------
Melee: Unarmed           |     2 |       ||     2
       Mace              |       |    30 ||    30
 Cast: Magic Dart        |    66 |    80 ||   146
       Mephitic Cloud    |     2 |     5 ||     7
  Use: Scroll            |     6 |       ||     6
       Potion            |     1 |     1 ||     2
 Stab: Confused          |       |     1 ||     1
  Eat: Chunk             |     1 |     4 ||     5
Armor: Robe              |     1 |     4 ||     5
Dodge: Dodged            |    20 |    45 ||    65
